 Dungeon Crawl Stone Soup version 0.18.1-48-g4cf74bf (webtiles) character file.

58 Lennu the Conjurer (level 3, 0/26 HPs)
             Began as a Demonspawn Conjurer on July 11, 2016.
             Slain by a gnoll
             ... wielding a +0 whip
              (5 damage)
             ... on level 2 of the Dungeon.
             The game lasted 00:05:22 (1946 turns).

Lennu the Conjurer (Demonspawn Conjurer)            Turns: 1946, Time: 00:05:22

Health: 0/26       AC:  8    Str:  8    XL:     3   Next: 76%
Magic:  0/6        EV: 11    Int: 17    God:
Gold:   51         SH:  0    Dex: 13    Spells: 1 memorised, 5 levels left

rFire  . . .     SeeInvis .     m - +0 short sword
rCold  . . .     Gourm    .     e - +0 leather armour
rNeg   . . .     Faith    .     (no shield)
rPois  .         Spirit   +     g - +2 hat
rElec  .         Dismiss  .     (no cloak)
rCorr  .         Reflect  .     (no gloves)
SustAt .         Harm     .     (no boots)
MR     .....                    q - amulet of guardian spirit
Stlth  ++........               (no ring)
                                (no ring)

@: not resistant to hostile enchantments, unstealthy
A: icy blue scales 2
a: no special abilities


You were on level 2 of the Dungeon.
You were not hungry.

You visited 1 branch of the dungeon, and saw 2 of its levels.

You collected 51 gold pieces.

Inventory:

Hand Weapons
 m - a +0 short sword (weapon)
Armour
 a - a +0 robe
 e - a +0 leather armour (worn)
 g - a +2 hat (worn)
Jewellery
 q - an amulet of guardian spirit (around neck)
Scrolls
 h - 2 scrolls of remove curse {unknown}
 i - 2 scrolls of fog {unknown}
 o - a scroll of magic mapping {unknown}
 p - 2 scrolls of identify {unknown}
 r - a scroll of fear {unknown}
 s - a scroll of amnesia {unknown}
Potions
 f - a potion of brilliance {unknown}
 k - 2 potions of curing {unknown}
 l - a potion of haste {unknown}
 n - a potion of degeneration {unknown}
Books
 b - a book of Conjurations

   Spells                             Type                      Level
   a - Magic Dart                     Conjuration                  1
   b - Searing Ray                    Conjuration                  2
   c - Dazzling Spray                 Conjuration/Hexes            3
   d - Fulminant Prism                Conjuration/Hexes            4
   e - Iskenderun's Mystic Blast      Conjuration                  4
   f - Iskenderun's Battlesphere      Conjuration/Charms           5
Comestibles
 c - 3 chunks of flesh
 d - a beef jerky
 j - a royal jelly


   Skills:
 * Level 1.1 Fighting
 * Level 1.3 Armour
 * Level 2.1 Dodging
 - Level 1.7 Stealth
 + Level 2.0 Spellcasting
 * Level 4.6 Conjurations


You had 5 spell levels left.
You knew the following spells:

 Your Spells              Type           Power        Failure   Level  Hunger
a - Magic Dart            Conj           ###.         4%          1    #......


Dungeon Overview and Level Annotations

Branches:
Dungeon (2/15)

Altars:


Innate Abilities, Weirdness & Mutations

You are mostly covered in icy blue scales (AC +3, EV -1).


Message History

The gnoll is moderately wounded.
The gnoll barely misses you. The gnoll closely misses you.
You closely miss the gnoll.
The gnoll is moderately wounded.
The gnoll hits you but does no damage. The gnoll barely misses you.
You hit the gnoll but do no damage.
The gnoll is moderately wounded.
The gnoll hits you but does no damage. The gnoll closely misses you.
You barely miss the gnoll.
The gnoll is moderately wounded.
The gnoll hits you but does no damage. The gnoll misses you.
You hit the gnoll but do no damage.
The gnoll is moderately wounded.
The gnoll hits you with a whip.
* * * LOW HITPOINT WARNING * * *
The gnoll hits you but does no damage. The gnoll closely misses you.
You hit the gnoll.
The gnoll is heavily wounded.
The gnoll barely misses you. The gnoll hits you with a whip.
You die...

......#..).#.............
......#....#.............
....###....#...)........#
..........)..............
.##.............#########
...(............# #...#
................###...###+##...
.#.............)##........).)..
................@g.............
...####+###+#.##g......(.......
.......... #..#...##..........
.....##.... .. ######..........
.###.# ....... #..........
.###+##...... #..........
............ #..........
...)......# .........
......^...#


You could see 2 gnolls.

Vanquished Creatures
  2 gnolls (D:2)
  An ooze (D:1)
  2 dart slugs
  A giant gecko (D:1)
  4 giant cockroaches
  4 goblins
  2 hobgoblins
  A quokka (D:2)
  A ball python (D:2)
  3 bats (D:1)
  5 giant newts
  3 kobolds
  2 rats (D:1)
31 creatures vanquished.

Notes
Turn   | Place    | Note
--------------------------------------------------------------
     0 | D:1      | Lennu the Demonspawn Conjurer began the quest for the Orb.
     0 | D:1      | Reached XP level 1. HP: 13/13 MP: 3/3
   660 | D:1      | Gained mutation: You are partially covered in icy blue scales (AC +1). [demonic ancestry]
   660 | D:1      | Reached XP level 2. HP: 19/19 MP: 0/5
  1562 | D:2      | Gained mutation: You are mostly covered in icy blue scales (AC +3, EV -1). [demonic ancestry]
  1562 | D:2      | Reached XP level 3. HP: 25/25 MP: 0/6
  1616 | D:2      | Reached skill level 1 in Fighting
  1923 | D:2      | Reached skill level 1 in Armour
  1946 | D:2      | Slain by a gnoll

Skill      XL: |  1  2  3 |
---------------+----------+-----
Fighting       | 1 |  1.1
Dodging        | 2 |  2.1
Armour         | 1 |  1.3
Stealth        | |  1.7
Spellcasting   | |  2.0
Conjurations   | |  4.6

Action                   || total
-------------------------++-------
Melee: Dagger            ||    10
       Short sword       ||    27
 Cast: Magic Dart        ||    65
 Stab: Sleeping          ||     2
  Eat: Bread ration      ||     1
Armor: Leather armour    ||    20
Dodge: Dodged            ||    31
